 Dungeon Crawl Stone Soup version 0.25.1-9-gc5326a611f (webtiles) character file.

Game seed: 12803079460298690334

2310 H0rd4k the Thaumaturge (level 9, -5/45 HPs)
             Began as a Deep Elf Wizard on Jan 18, 2021.
             Slain by a gnoll sergeant
             ... wielding a +0 spear
              (12 damage)
             ... on level 8 of the Dungeon.
             The game lasted 00:16:52 (9604 turns).

H0rd4k the Thaumaturge (Deep Elf Wizard)            Turns: 9604, Time: 00:16:53

Health: -5/45      AC:  2    Str:  4    XL:     9   Next: 18%
Magic:  35/35      EV: 14    Int: 27    God:
Gold:   471        SH:  0    Dex: 13    Spells: 22/31 levels left

rFire    . . .     SeeInvis .   s - +0 dagger (venom)
rCold    . . .     Gourm    .   (no shield)
rNeg     . . .     Faith    .   a - +0 robe
rPois    .         Spirit   .   b - +0 hat
rElec    .         Reflect  .   (no cloak)
rCorr    .         Harm     .   (no gloves)
MR       .....                  (no boots)
Stlth    ++........             (no amulet)
HPRegen  0.15/turn              o - ring of wizardry
MPRegen  0.24/turn              q - ring of magical power

@: no status effects
A: no striking features
a: no special abilities


You were on level 8 of the Dungeon.
You were not hungry.

You visited 1 branch of the dungeon, and saw 8 of its levels.
You also visited: Ossuary.

You collected 471 gold pieces.

Inventory:

Hand Weapons
 s - a +0 dagger of venom (weapon)
Armour
 a - a +0 robe (worn)
 b - a +0 hat (worn)
Jewellery
 o - a ring of wizardry (left hand)
 q - a ring of magical power (right hand)
 E - an uncursed ring of resist corrosion
Wands
 C - a wand of iceblast (9)
Scrolls
 e - 6 scrolls of random uselessness
 f - 4 scrolls of magic mapping
 g - 4 scrolls of immolation
 h - a scroll of teleportation
 j - 3 scrolls of fear
 k - a scroll of amnesia
 m - 2 scrolls of enchant armour {unknown}
 n - 4 scrolls of remove curse {unknown}
 r - 4 scrolls of blinking {unknown}
 v - 3 scrolls of noise {unknown}
 w - 3 scrolls of identify
 y - 2 scrolls of fog {unknown}
 B - a scroll of enchant weapon {unknown}
Potions
 c - 5 potions of curing
 i - a potion of haste
 l - a potion of magic
 p - 2 potions of stabbing
 t - 2 potions of lignification
 u - 7 potions of degeneration
 x - a potion of flight
 z - 2 potions of mutation {unknown}
 A - a potion of brilliance {unknown}
 D - 2 potions of heal wounds {unknown}
 F - a potion of invisibility {unknown}
 G - a potion of berserk rage {unknown}
Comestibles
 d - 10 rations


   Skills:
 + Level 4.2 Dodging
 + Level 3.8 Stealth
 + Level 11.5 Spellcasting
 + Level 7.5 Conjurations
   Level 1.1 Summonings
 + Level 2.3 Translocations
 + Level 2.0 Fire Magic
 + Level 1.9 Air Magic
 + Level 2.1 Poison Magic


You had 22 spell levels left.
You knew the following spells:

 Your Spells              Type           Power        Failure   Level  Hunger
a - Magic Dart            Conj           ####         1%          1    None
b - Blink                 Tloc           N/A          1%          2    None
c - Conjure Flame         Conj/Fire      #####...     1%          3    None
d - Mephitic Cloud        Conj/Pois/Air  #####...     1%          3    None

Your spell library contained the following spells:

 Spells                   Type           Power        Failure   Level  Hunger
 Call Imp                 Summ           ###.....     1%          2    None
 Slow                     Hex            ###.....     2%          2    None


Dungeon Overview and Level Annotations

Branches:
Dungeon (8/15)             Temple (0/1) D:7         Ossuary (visited)
   Lair: D:8-11

Altars:
Fedhas
Hepliaklqana
Nemelex Xobeh
Wu Jian

Shops:
D:6 !

Annotations:
D:2 exclusion: 2 downstairs
D:5 exclusion: 2 downstairs
D:6 1 runed translucent door, releu's ghost, novice DrIE
D:7 exclusion: 2 downstairs
D:8 Harold; Maurice; Psyche


Message History

There is a stone staircase leading down here.
There is a stone staircase leading up here.
Magic restored.
There is a stone staircase leading down here.
You climb downwards.
Level annotation: Harold; Maurice A worker ant, 5 gnolls, a gnoll sergeant and Psyche come into view.
Psyche is wielding a +3 dagger of chaos.
Psyche shouts!
The gnoll sergeant shouts!
The gnoll shouts! x3
The ogre shouts!
The gnoll shouts!
The worker ant twitches its antennae in your direction.
The gnoll sergeant hits you with a +0 spear.
* * * LOW HITPOINT WARNING * * *
The gnoll hits you with a +0 whip.
* * * LOW HITPOINT WARNING * * *
The gnoll misses you.
You hear a zap.
You hear a grinding noise.
The gnoll closely misses you.
The gnoll sergeant hits you with a +0 spear!
You die...

##########
....g...#
#ggg...#..
#g@.O.....
#......#..
...g?a..#
#..#....?.#
#.###.###...
.@. #.. ....
... ... ...
.. ... ##


You could see Psyche, an ogre, a gnoll sergeant, a worker ant and 5 gnolls.

Vanquished Creatures
  Pikel (D:5)
  4 slaves (D:5)
  2 orc warriors
  An ice beast (D:6)
  A sky beast (D:7)
  3 black bears (D:6)
  A centaur (D:7)
  A scorpion (D:2)
  5 wights
  A howler monkey (D:4)
  A quasit (D:7)
  A crimson imp (D:7)
  A human zombie (Ossuary)
  7 orc wizards
  3 orc priests
  An iguana (D:4)
  4 worker ants (D:4)
  A big kobold zombie (Ossuary)
  3 mummies (Ossuary)
  2 hound skeletons
  6 gnolls
  9 adders
  A shadow imp (D:7)
  An ooze (D:4)
  4 worms
  3 leopard geckos
  21 orcs
  8 giant cockroaches
  A gnoll zombie (Ossuary)
  6 goblins
  5 hobgoblins
  2 jackals (D:4)
  6 kobolds
  A quokka (D:5)
  2 ball pythons
  7 bats
  3 frilled lizards
  3 goblin zombies (Ossuary)
  A hobgoblin zombie (Ossuary)
  2 jackal zombies (D:5)
  A kobold zombie (Ossuary)
  2 leopard gecko zombies (D:5)
  2 quokka zombies
  10 rats
151 creatures vanquished.

Notes
Turn   | Place    | Note
-------+----------+-------------------------------------------
     0 | D:1      | H0rd4k the Deep Elf Wizard began the quest for the Orb.
     0 | D:1      | Reached XP level 1. HP: 10/10 MP: 7/7
   237 | D:1      | Reached skill level 5 in Spellcasting
   239 | D:1      | Reached XP level 2. HP: 15/15 MP: 6/10
  1134 | D:2      | Reached XP level 3. HP: 19/19 MP: 7/12
  1138 | D:2      | Learned a level 2 spell: Blink
  1142 | D:2      | Learned a level 3 spell: Conjure Flame
  1146 | D:2      | Learned a level 3 spell: Mephitic Cloud
  1876 | D:2      | Found a blossoming altar of Fedhas.
  1988 | D:3      | Reached skill level 1 in Fire Magic
  1988 | D:3      | Reached XP level 4. HP: 24/24 MP: 8/13
  2227 | D:3      | Reached skill level 6 in Spellcasting
  2227 | D:3      | Reached skill level 1 in Air Magic
  2447 | D:2      | Reached skill level 1 in Poison Magic
  2447 | D:2      | Reached XP level 5. HP: 19/28 MP: 3/15
  3343 | D:4      | Reached XP level 6. HP: 32/32 MP: 17/17
  3739 | D:4      | Found a hazy altar of Hepliaklqana.
  3759 | D:4      | Found a sand-covered staircase.
  3789 | Ossuary  | Entered an ossuary
  3944 | Ossuary  | Reached skill level 7 in Spellcasting
  4522 | D:4      | Noticed an orc warrior
  4536 | D:4      | Killed an orc warrior
  4536 | D:4      | Reached XP level 7. HP: 32/36 MP: 11/20
  4546 | D:4      | Reached skill level 8 in Spellcasting
  5019 | D:4      | Found an ornate altar of the Wu Jian Council.
  5266 | D:5      | Entered Level 5 of the Dungeon
  5473 | D:5      | Noticed Pikel
  5890 | D:5      | Found a sparkling altar of Nemelex Xobeh.
  6194 | D:5      | Killed Pikel
  6194 | D:5      | Reached skill level 9 in Spellcasting
  6194 | D:5      | Reached skill level 5 in Conjurations
  6194 | D:5      | Reached XP level 8. HP: 12/41 MP: 11/23
  7314 | D:6      | Reached skill level 10 in Spellcasting
  7447 | D:6      | Found a runed translucent door.
  7447 | D:6      | Noticed releu's ghost (novice DrIE)
  8279 | D:6      | Reached skill level 11 in Spellcasting
  8407 | D:6      | Found Avyewear's Distillery.
  8551 | D:7      | Reached XP level 9. HP: 45/45 MP: 24/26
  8686 | D:7      | Found a staircase to the Ecumenical Temple.
  9523 | D:8      | Noticed Harold
  9530 | D:8      | Noticed Maurice
  9604 | D:8      | Noticed Psyche
  9604 | D:8      | Slain by a gnoll sergeant

Illustrated notes

Levels and vault maps discovered:
D:1:      elethiomel_arrival_diamonds, layout_loops_cross,
          ebering_dispersal_statue_hall, hex_tiny
D:2:      minmay_door_path, layout_basic, overflow_temple_1_default
D:3:      layout_rooms
D:4:      layout_basic, lemuel_crystal_altar, lemuel_doored_altar,
          enter_ossuary_1, first_ration, minivault_1
D:5:      layout_gridville, kennysheep_mini, uniq_pikel
D:6:      layout_loops_ring, serial_shops, shop, ebering_ghost_inner_flame
D:7:      layout_loops_ring, minmay_temple_entry_overgrown
D:8:      layout_rooms, good_gods_temple_1, nicolae_ru_the_path_less_chosen,
          serial_shops, kennysheep_little_box, uniq_prince_ribbit1,
          uniq_maurice, uniq_psyche, uniq_harold

Skill      XL: |  1  2  3  4  5  6  7  8  9 |
---------------+----------------------------+-----
Spellcasting   | 5 6 7 9 11 | 11.5
Fire Magic     | 1 2 |  2.0
Conjurations   | 2 3 4 5 7 |  7.5
Air Magic      | 1 |  1.9
Poison Magic   | 1 2 |  2.1
Dodging        | 3 4 |  4.2
Stealth        | 3 |  3.8
Translocations | 2 |  2.3
Summonings     | |  1.1

Action                   |  1- 3 |  4- 6 |  7- 9 || total
-------------------------+-------+-------+-------++-------
Melee: Dagger            |       |       |    28 ||    28
 Cast: Magic Dart        |    86 |   191 |   296 ||   573
       Conjure Flame     |       |     8 |    22 ||    30
       Blink             |       |     6 |    15 ||    21
       Mephitic Cloud    |       |     1 |    17 ||    18
  Use: Scroll            |       |     9 |     3 ||    12
       Potion            |       |       |     4 ||     4
  Eat: Chunk             |     3 |     5 |     6 ||    14
       Ration            |       |     1 |     3 ||     4
Armor: Robe              |     2 |    21 |     7 ||    30
       Skin              |       |       |    33 ||    33
Dodge: Dodged            |    11 |    97 |    80 ||   188
